 Dungeon Crawl Stone Soup version 0.29-a0-1027-gcd8c55af63 (webtiles) character file.

Game seed: 10029884660199525964

9 ragingrage the Chopper (level 2, -2/24 HPs)
             Began as a Demonspawn Chaos Knight on Aug 13, 2022.
             Was a Plaything of Xom.
             Slain by Terence
             ... wielding a +0 flail
              (12 damage)
             ... on level 2 of the Dungeon.
             The game lasted 00:00:33 (1138 turns).

ragingrage the Chopper (Demonspawn Chaos Knight)    Turns: 1138, Time: 00:00:33

Health: -2/24      AC:  5    Str: 12    XL:     2   Next: 6%
Magic:  2/2        EV: 11    Int: 13    God:    Xom [..*...]
Gold:   68         SH:  0    Dex: 12    Spells: 1/1 levels left

rFire   . . .      SeeInvis .   a - +0 hand axe (chaos)
rCold   . . .      Faith    .   (no shield)
rNeg    . . .      Spirit   .   b - +2 leather armour
rPois   .          Reflect  .   (no helmet)
rElec   .          Harm     .   (no cloak)
rCorr   .          Rampage  .   (no gloves)
Will    .....                   (no boots)
Stlth   +.........              (no amulet)
HPRegen 0.08/turn               (no ring)
MPRegen 0.08/turn               (no ring)

@: brilliant
A: demonic touch 1
a: Renounce Religion


You were on level 2 of the Dungeon.
You worshipped Xom.
You were a toy of Xom.
You visited 1 branch of the dungeon, and saw 2 of its levels.

You collected 68 gold pieces.

Inventory:

Hand Weapons
 a - a +0 hand axe of chaos (weapon)
Missiles
 f - 5 poisoned darts
Armour
 b - a +2 leather armour (worn)
Scrolls
 d - a scroll of teleportation {unknown}
 e - a scroll of enchant weapon {unknown}
 k - a scroll of vulnerability {unknown}
Potions
 g - a potion of invisibility {unknown}
 h - a potion of ambrosia {unknown}
 i - a potion of mutation {unknown}
 j - a potion of flight {unknown}
Miscellaneous
 c - a piece from Xom's chessboard (12/15) (quivered)


   Skills:
 - Level 3.0 Fighting
 + Level 3.3 Axes
 - Level 1.7 Armour
 - Level 0.8 Dodging


You had one spell level left.
You didn't know any spells.
Your spell library contained the following spells:

 Spells                   Type           Power      Damage    Failure   Level
 Foxfire                  Conj/Fire      0%         2x1d4     36%         1
 Conjure Flame            Conj/Fire      0%         6-21      75%         3
 Inner Flame              Hex/Fire       0%         N/A       75%         3
 Flame Wave               Conj/Fire      0%         2d4       98%         4


Dungeon Overview and Level Annotations

Branches:
Dungeon (2/15)

Altars:

Annotations:
D:2 Terence


Innate Abilities, Weirdness & Mutations

Your touch may inflict minor irresistible damage on your foes.


Message History

Done exploring.
(D) Dungeon
Where to? (? - help)
There is an open door here.
You see here a +0 club.
Key pressed, stopping travel.
Unknown command.
Done exploring.
Done exploring.
Done exploring.
No target in view!
No target in view!
No target in view!
(D) Dungeon
Where to? (Enter - D:2, ? - help)
There is a stone staircase leading down here.
You climb downwards.
There is a stone staircase leading up here.
There are monsters nearby!
Unknown command.
There are monsters nearby!
There are monsters nearby!
There are monsters nearby!
There are monsters nearby!
Terence shouts!
There is a stone staircase leading up here.
You make a move on Xom's chessboard...
Terence seems to grow stronger.
Terence hits you with a +0 flail.
You make a move on Xom's chessboard...
The hobgoblin seems to slow down.
Xom grants you a minor favour.
You feel clever all of a sudden. Terence barely misses you.
You make a move on Xom's chessboard...
The hobgoblin struggles to resist.
Terence closely misses you. Terence attacks as you move away!
Terence hits you with a +0 flail!
Ouch! That really hurt!
Terence hits you with a +0 flail!
Ouch! That really hurt!
You die...
Xom howls with laughter!

.. .
##.######.
........
###.....#
#.......#
#.#.g...#
#.#.....#
#.#@<...#
#.@.#...#
#####...#
...# ...#
...# ####


You could see Terence (strong) and a hobgoblin (slow).

Vanquished Creatures
  2 endoplasms (D:1)
  A goblin (D:1)
  2 jackals (D:1)
  A ball python (D:1)
  A frilled lizard (D:1)
  2 rats (D:1)
9 creatures vanquished.

Notes
Turn   | Place    | Note
-------+----------+-------------------------------------------
     0 | D:1      | ragingrage the Demonspawn Chaos Knight began the quest for
                  | the Orb.
     0 | D:1      | Reached XP level 1. HP: 18/18 MP: 1/1
   275 | D:1      | XOM: silly message
   552 | D:1      | XOM: butterfly on damage
   720 | D:1      | Gained mutation: Your touch may inflict minor irresistible
                  | damage on your foes. [demonic ancestry]
   720 | D:1      | Reached XP level 2. HP: 21/24 MP: 2/2
   722 | D:1      | XOM: silly message
  1131 | D:2      | Noticed Terence
  1135 | D:2      | XOM: potion effect (brilliance)
  1138 | D:2      | Slain by Terence

Illustrated notes

Levels and vault maps discovered:
D:1:      dpeg_arrival_pond, layout_basic, minmay_bisected
D:2:      layout_basic, cheibrodos_gnoll_hut, uniq_terence, uniq_sigmund

Skill      XL: |  1 |
---------------+----+-----
Axes           | 3 |  3.3
Fighting       | |  3.0
Armour         | |  1.7
Dodging        | |  0.8

Action                   || total
-------------------------++-------
Melee: Hand axe          ||    26
Evoke: Piece from Xom's  ||     3
 Stab: Confused          ||     1
Armor: Leather armour    ||    13
Dodge: Dodged            ||    20

Table legend: (Time is in decaauts)
 A = Elapsed time spent in this place.
 B = Non-inter-level travel time spent in this place.
 C = Inter-level travel time spent in this place.
 D = Time resting spent in this place.
 E = Time spent auto-exploring this place.
 F = Levels seen in this place.
 G = Mean time per level.
                   A        B        C        D        E       F      G
               +--------+--------+--------+--------+--------+-----+--------+
         Total |   1142 |   1076 |     66 |     74 |    906 |   2 |  571.0 |
       Dungeon |   1142 |   1076 |     66 |     74 |    906 |   2 |  571.0 |
               +--------+--------+--------+--------+--------+-----+--------+

Top non-repeatable levels by time:
     D:1: 1135 daAuts
     D:2: 6 daAuts
